 Dungeon Crawl Stone Soup version 0.28-a0-1190-g77e1c55843 (webtiles) character file.

Game seed: 12894982058951410393

17441 Conn the Thaumaturge (level 12, -30/70 HPs)
             Began as an Octopode Fire Elementalist on Dec 18, 2021.
             Was a Priest of Sif Muna.
             Annihilated by a boulder beetle (50 damage)
             ... on level 12 of the Dungeon.
             The game lasted 00:43:59 (16726 turns).

Conn the Thaumaturge (Octopode Fire Elementalist)  Turns: 16726, Time: 00:44:00

Health: -30/70     AC:  6    Str: 16    XL:     12   Next: 48%
Magic:  13/26      EV: 15    Int: 22    God:    Sif Muna [***...]
Gold:   156        SH:  5    Dex: 18    Spells: 0/31 levels left

rFire   + . .      SeeInvis .   b - staff of conjuration
rCold   + . .      Faith    .   (no shield)
rNeg    + . .      Spirit   .   (helmet restricted)
rPois   .          Reflect  +   f - amulet of reflection
rElec   .          Harm     .   h - ring of wizardry
rCorr   .          Rampage  .   j - +6 ring of strength
Will    +....                   r - ring of protection from cold
Stlth   +++++.....              u - +4 ring of protection
HPRegen 0.21/turn               E - ring of willpower
MPRegen 0.20/turn               e - +6 ring of dexterity
                                V - ring of positive energy
                                P - ring of protection from fire

@: no status effects
A: almost no armour, amphibious, 8 rings, camouflage 1, gelatinous body 1,
(nimble swimmer 1), tentacles, tentacle spike 1, shaggy fur 1, strong 1, wild
magic 1
a: Renounce Religion, Channel Magic, Forget Spell


You were on level 12 of the Dungeon.
You worshipped Sif Muna.
Sif Muna was most pleased with you.
You visited 2 branches of the dungeon, and saw 13 of its levels.

You collected 670 gold pieces.
You spent 514 gold pieces at shops.

Inventory:

Hand Weapons
 a - a +2 dagger of venom
 o - a +0 dagger
Missiles
 L - 6 curare-tipped darts
Magical Staves
 b - a staff of conjuration (weapon)
Jewellery
 e - a +6 ring of dexterity (on tentacle)
 f - an amulet of reflection (around mantle)
 h - a ring of wizardry (left tentacle)
 j - a +6 ring of strength (right tentacle)
 m - an amulet of faith
 r - a ring of protection from cold (on tentacle)
 u - a +4 ring of protection (on tentacle)
 w - a ring of flight
 E - a ring of willpower (on tentacle)
 J - an amulet of guardian spirit
 P - a ring of protection from fire (on tentacle)
 V - a ring of positive energy (on tentacle)
Wands
 v - a wand of acid (13)
 x - a wand of flame (17)
 F - a wand of paralysis (15)
 M - a wand of polymorph (2)
 O - a wand of mindburst (15)
Scrolls
 g - a scroll of immolation
 k - a scroll of magic mapping
 q - 2 scrolls of fog {unknown}
 t - 2 scrolls of blinking
 y - 6 scrolls of teleportation
 B - 3 scrolls of fear {unknown}
 C - a scroll of summoning {unknown}
 D - 3 scrolls of enchant armour {unknown}
 K - 2 scrolls of vulnerability {unknown}
 Q - a scroll of torment {unknown}
 S - a scroll of brand weapon {unknown}
 T - a scroll of holy word
 U - 3 scrolls of amnesia {unknown}
Potions
 c - 6 potions of curing
 d - a potion of haste
 i - 2 potions of attraction
 l - 2 potions of mutation
 n - a potion of heal wounds
 p - 3 potions of might
 s - 4 potions of flight
 z - a potion of ambrosia
 A - a potion of brilliance
 G - a potion of invisibility {unknown}
 H - a potion of lignification
 I - a potion of berserk rage {unknown}
 N - a potion of resistance
 R - a potion of cancellation {unknown}


   Skills:
 + Level 2.3 Fighting
 + Level 1.1 Short Blades
 + Level 2.1 Staves
 + Level 3.8 Dodging
 + Level 8.6 Stealth
 + Level 1.6 Shields
 + Level 0.5 Unarmed Combat
 + Level 10.4 Spellcasting
 + Level 8.1 Conjurations
 + Level 3.8 Hexes
 + Level 1.3 Summonings
 + Level 0.2 Translocations
 + Level 10.4 Fire Magic
 + Level 0.2 Air Magic
 + Level 0.4 Poison Magic
 + Level 6.6 Invocations
 + Level 1.1 Evocations


You couldn't memorise any spells.
You knew the following spells:

 Your Spells              Type           Power      Damage    Failure   Level
a - Foxfire               Conj/Fire      100%       2x1d9     1%          1
b - Conjure Flame         Conj/Fire      80%        6-21      1%          3
c - Inner Flame           Hex/Fire       54%        N/A       1%          3
d - Flame Wave            Conj/Fire      80%        2d12      1%          4
e - Scorch                Fire           100%       2d10      1%          2
f - Summon Guardian Gole  Hex/Summ       29%        N/A       4%          3
g - Mephitic Cloud        Conj/Pois/Air  47%        N/A       3%          3
h - Hailstorm             Conj/Ice       55%        3d12      6%          4
i - Iskenderun's Mystic   Conj/Tloc      55%        2d12      6%          4
j - Sticky Flame          Conj/Fire      80%        2d9       1%          4

Your spell library contained the following spells:

 Spells                   Type           Power      Damage    Failure   Level
 Magic Dart               Conj           100%       1d8       1%          1
 Slow                     Hex            100%       N/A       1%          1
 Dazzling Flash           Conj/Hex       100%       N/A       1%          3
 Summon Small Mammal      Summ           88%        N/A       2%          1
 Ensorcelled Hibernation  Hex/Ice        50%        N/A       2%          2
 Confusing Touch          Hex            36%        N/A       2%          3
 Ignite Poison            Fire/Tmut/Pois 35%        N/A       2%          3
 Fireball                 Conj/Fire      40%        3d16      2%          5
 Apportation              Tloc           32%        N/A       3%          1
 Sting                    Tmut/Pois      64%        1d6       3%          1
 Call Imp                 Summ           22%        N/A       3%          2
 Animate Skeleton         Necr           28%        N/A       4%          1
 Freeze                   Ice            56%        1d7       4%          1
 Poisonous Vapours        Pois/Air       34%        N/A       4%          2
 Portal Projectile        Hex/Tloc       52%        N/A       4%          3
 Corpse Rot               Necr/Air       30%        N/A       5%          2
 Call Canine Familiar     Summ           22%        N/A       6%          3
 Ozocubu's Armour         Ice            14%        N/A       10%         3
 Vampiric Draining        Necr           14%        2d7       10%         3
 Starburst                Conj/Fire      40%        6d11      11%         6
 Leda's Liquefaction      Hex/Erth       12%        N/A       14%         4
 Dispel Undead            Necr           14%        3d10      28%         4
 Death Channel            Necr           7%         N/A       98%         6
 Polar Vortex             Ice            7%         N/A       100%        9


Dungeon Overview and Level Annotations

Branches:
Dungeon (12/15)            Temple (1/1) D:7            Lair (0/6) D:8
    Orc (0/2) D:10

Altars:
Ashenzari
Cheibriados
Dithmenos
Elyvilon
Fedhas
Gozag
Hepliaklqana
Kikubaaqudgha
Makhleb
Nemelex Xobeh
Okawaru
Qazlal
Ru
Sif Muna
Trog
Uskayaw
Vehumet
Wu Jian
Xom
Yredelemnul
Zin
The Shining One
Beogh

Shops:
D:3 ((**   D:7 *   D:8 *   D:9 :   D:10 [


Innate Abilities, Weirdness & Mutations

You cannot wear most types of armour.
You are amphibious.
You can wear up to eight rings at the same time.
Your skin changes colour to match your surroundings (Stealth+).
Your rubbery body absorbs attacks. (AC +1, EV +1)
((You are camouflaged near water. (Stealth+)))
You have tentacles for arms and can constrict up to eight enemies at once.
One of your tentacles bears a spike.
You are covered in fur. (AC +1)
Your muscles are strong. (Str +2)
Your spells are a little harder to cast, but a little more powerful.


Message History

The boulder beetle is lightly wounded.
Unknown command.
Casting: Foxfire (safe; 1% risk of failure)
Confirm with . or Enter, or press ? or * to list all spells.
Aiming: Inner Flame (safe; 1% risk of failure)
Press: ? - help, Dir - move target, f - boulder beetle
Aim: a boulder beetle (lightly wounded, rolling, ally target, chance to affect: 86%)
The boulder beetle is filled with an inner flame.
The foxfire hits the boulder beetle.
Flame seeps out of the boulder beetle.
The boulder beetle is lightly wounded.
The foxfire hits the boulder beetle.
Flame seeps out of the boulder beetle.
The boulder beetle is moderately wounded.
The boulder beetle is engulfed in blazing flames.
Flame seeps out of the boulder beetle.
The boulder beetle enters a dispersal trap!
Your foxfire blinks! x2
You blink.
Casting: Inner Flame (safe; 1% risk of failure)
Confirm with . or Enter, or press ? or * to list all spells.
You feel a surge of power!
You erupt in a blast of force!
The mystic blast hits the boulder beetle but does no damage.
The boulder beetle is moderately wounded.
The boulder beetle hits you!!!
Ouch! That really hurt!
* * * LOW HITPOINT WARNING * * *
The boulder beetle stops rolling and uncurls.
Casting: Iskenderun's Mystic Blast (dangerous; 6% risk of failure)
Confirm with . or Enter, or press ? or * to list all spells.
Okay, then.
Okay, then.
The boulder beetle curls into a ball and begins rolling!
Casting: Iskenderun's Mystic Blast (dangerous; 6% risk of failure)
Confirm with . or Enter, or press ? or * to list all spells.
You feel a surge of power!
You erupt in a blast of force!
The mystic blast hits the boulder beetle.
Flame seeps out of the boulder beetle.
The boulder beetle is heavily wounded.
The boulder beetle hits you!!!
Ouch! That really hurt!
You die...

.)[.##.##..........###........#
..#[##.##..........###........#
#.)[...##..##..##....#.#......#
##..!..##.###...###.§§.#......###
..#...........#.#..§§##..........
..#..........##.#.##B§#.#.##.#...
..#..........##....#.§....#######
..#..........###...#..##..#
..#.............@B○.......#
.......>.....##.........#.#
..#..)........#.........#.#
..#...............).....#.#
..#...............[)......#
###................<.#....#
##....######..#......#..#.#
#..#### ##...........#.#######
#.## #...........#..#...#.


You could see a boulder beetle (rolling, inner flame).

Vanquished Creatures
  4 two-headed ogres
  A deep elf pyromancer (D:12)
  An ugly thing (D:8)
  A cyclops (D:12)
  A manticore (D:12)
  A gargoyle (D:12)
  The ghost of Gilette the Geomancer, a novice DrEE (D:5)
  2 kobold demonologists
  2 komodo dragons
  2 trolls (D:12)
  Prince Ribbit (D:8)
  4 slime creatures (D:12)
  A wyvern (D:9)
  3 wraiths
  Sigmund (D:2)
  17 yaks
  8 vampire mosquitoes
  A water moccasin (D:8)
  An orc warrior (D:11)
  A sky beast (D:6)
  A black bear (D:5)
  A necrophage (D:4)
  3 centaurs
  18 kobold brigands
  3 bullfrogs
  A scorpion (D:4)
  A wyvern zombie (D:6)
  5 wights (D:8)
  2 howler monkeys
  3 centaur zombies
  3 gnoll shamans
  3 jellies
  2 centaur skeletons (D:7)
  Crazy Yiuf (D:5)
  7 orc priests
  3 iguanas
  9 orc wizards
  A killer bee zombie (D:7)
  4 howler monkey zombies
  23 gnolls
  8 adders
  A white imp (D:7)
  An ufetubus (D:4)
  An adder skeleton (D:4)
  5 worms
  4 dart slugs
  24 orcs
  8 ball pythons
  9 bats
  6 endoplasms
  3 giant cockroaches
  10 goblins
  7 hobgoblins
  2 jackals (D:4)
  23 kobolds
  3 quokkas
  3 frilled lizards
  6 rats
272 creatures vanquished.

Vanquished Creatures (collateral kills)
  A foxfire (D:4)
1 creature vanquished.

Vanquished Creatures (others)
  A centaur warrior (D:8)
  A two-headed ogre (D:8)
  A hornet (D:6)
  2 vampire mosquitoes (D:12)
  2 wights (D:8)
  A howler monkey (D:12)
  1087 foxfires
  7 plants
1102 creatures vanquished.

Grand Total: 1375 creatures vanquished

Notes
Turn   | Place    | Note
-------+----------+-------------------------------------------
     0 | D:1      | Conn the Octopode Fire Elementalist began the quest for the
                  | Orb.
     0 | D:1      | Reached XP level 1. HP: 11/11 MP: 3/3
   149 | D:1      | Reached XP level 2. HP: 11/17 MP: 1/5
   312 | D:1      | Found a faded altar of an unknown god.
   831 | D:1      | Reached XP level 3. HP: 21/21 MP: 2/6
  1493 | D:2      | Noticed Sigmund
  1508 | D:3      | Found Ruytuh's Weapon Emporium.
  1622 | D:3      | Reached XP level 4. HP: 27/27 MP: 2/7
  1628 | D:3      | You fall into a shaft and drop 3 floors!
  1690 | D:6      | Noticed a bullfrog
  1848 | D:5      | Entered Level 5 of the Dungeon
  1852 | D:5      | Found a sparkling altar of Nemelex Xobeh.
  1865 | D:5      | Reached XP level 5. HP: 31/31 MP: 0/8
  1916 | D:5      | Noticed a water moccasin
  2317 | D:4      | Noticed a necrophage
  2438 | D:3      | Found Mirutriz's Weapon Shop.
  2494 | D:3      | Found a bloodstained altar of Trog.
  2494 | D:3      | Found a hazy altar of Hepliaklqana.
  2503 | D:3      | Found a snail-covered altar of Cheibriados.
  2503 | D:3      | Found a stormy altar of Qazlal.
  2890 | D:2      | Learned a level 3 spell: Conjure Flame
  2894 | D:2      | Learned a level 3 spell: Inner Flame
  2996 | D:2      | Reached skill level 5 in Stealth
  3424 | D:2      | Reached XP level 6. HP: 36/36 MP: 10/10
  3430 | D:2      | Learned a level 4 spell: Flame Wave
  3663 | D:2      | Killed Sigmund
  4221 | D:3      | Found Muacuk's Assorted Antiques.
  4269 | D:3      | Found Qysadeir's General Store.
  4640 | D:3      | Bought a cabochon ring for 115 gold pieces
  4750 | D:4      | Reached skill level 1 in Short Blades
  4750 | D:4      | Reached XP level 7. HP: 41/41 MP: 12/12
  4839 | D:4      | Identified the +0 ring mail of Fortification {rC+ rN+}
  4850 | D:4      | Reached skill level 5 in Fire Magic
  5550 | D:5      | Reached XP level 8. HP: 47/47 MP: 3/14
  5717 | D:5      | Found a runed translucent door.
  5718 | D:5      | Noticed Crazy Yiuf
  5725 | D:5      | Killed Crazy Yiuf
  5775 | D:5      | Found a large runed translucent door.
  5775 | D:5      | Found a large runed translucent door.
  5779 | D:5      | Noticed Gilette's ghost (novice DrEE)
  5896 | D:5      | Killed Gilette's ghost
  5897 | D:5      | Reached skill level 5 in Spellcasting
  6244 | D:6      | Noticed a hornet
  6252 | D:6      | Learned a level 2 spell: Scorch
  6256 | D:6      | Learned a level 3 spell: Summon Guardian Golem
  6267 | D:6      | Killed a hornet
  6268 | D:6      | Reached skill level 1 in Hexes
  6619 | D:7      | Reached XP level 9. HP: 52/52 MP: 11/17
  6736 | D:7      | Found a staircase to the Ecumenical Temple.
  6756 | Temple   | Entered the Ecumenical Temple
  6845 | Temple   | Became a worshipper of Sif Muna the Loreminder
  7068 | D:7      | Found Tecor's Overcharged Wands.
  7242 | D:7      | Learned a level 3 spell: Mephitic Cloud
  7393 | D:8      | Noticed Prince Ribbit
  7397 | D:8      | Killed Prince Ribbit
  7677 | D:8      | Got the Reference Book on the Glacier
  7678 | D:8      | Noticed a centaur warrior
  7680 | D:8      | Identified the +0 leather armour "Mistreyde" {Regen+}
  7680 | D:8      | Noticed a green ugly thing
  7687 | D:8      | Killed a centaur warrior
  7687 | D:8      | Killed a green ugly thing
  7688 | D:8      | Reached skill level 1 in Fighting
  7688 | D:8      | Reached skill level 1 in Staves
  7688 | D:8      | Reached skill level 5 in Conjurations
  7688 | D:8      | Reached XP level 10. HP: 31/58 MP: 10/20
  7704 | D:8      | Identified the +1 cloak of the Blessed Realm {Regen+ Str-2
                  | Dex+2}
  7883 | D:8      | Found an opulent altar of Gozag.
  7884 | D:8      | Found a blossoming altar of Fedhas.
  7884 | D:8      | Found a sparkling altar of Nemelex Xobeh.
  7885 | D:8      | Found a white marble altar of Elyvilon.
  7956 | D:8      | Noticed a two-headed ogre
  7974 | D:8      | Killed a two-headed ogre
  7975 | D:8      | Reached skill level 1 in Summonings
  8169 | D:8      | Reached * piety under Sif Muna
  8276 | D:8      | Noticed a kobold demonologist
  8282 | D:8      | Reached skill level 1 in Invocations
  8289 | D:8      | Noticed an orange demon
  8289 | D:8      | Killed a kobold demonologist
  8661 | D:8      | Reached skill level 1 in Evocations
  9031 | D:8      | Found a staircase to the Lair.
  9897 | D:8      | Found Raoblaib's Assorted Antiques.
  9904 | D:8      | Bought a scroll labelled QEUFEU OSCHA WAO for 35 gold
                  | pieces
  9909 | D:8      | Identified a scroll of acquirement
  9909 | D:8      | Acquired an amulet of reflection
  9923 | D:8      | Learned a level 4 spell: Hailstorm
 10727 | D:9      | Reached XP level 11. HP: 64/64 MP: 18/23
 10892 | D:9      | Noticed a two-headed ogre
 10901 | D:9      | Killed a two-headed ogre
 11116 | D:9      | Found Tyent's Book Boutique.
 11372 | D:10     | Entered Level 10 of the Dungeon
 12144 | D:10     | Found Pamazon's Antique Armour Shoppe.
 12410 | D:10     | Found a staircase to the Orcish Mines.
 12421 | D:10     | Reached ** piety under Sif Muna
 13644 | D:11     | Noticed a two-headed ogre
 13651 | D:11     | Killed a two-headed ogre
 13668 | D:11     | Reached skill level 5 in Invocations
 13826 | D:11     | Gained mutation: Your spells are a little harder to cast,
                  | but a little more powerful. [potion of mutation]
 13826 | D:11     | Gained mutation: You are covered in fur. (AC +1) [potion of
                  | mutation]
 13826 | D:11     | Gained mutation: One of your tentacles bears a spike.
                  | [potion of mutation]
 13826 | D:11     | Gained mutation: Your muscles are strong. (Str +2) [potion
                  | of mutation]
 13905 | D:11     | Noticed a two-headed ogre
 13913 | D:11     | Killed a two-headed ogre
 14265 | D:11     | Noticed a two-headed ogre
 14275 | D:11     | Killed a two-headed ogre
 15014 | D:12     | Noticed a manticore
 15025 | D:12     | Noticed a boulder beetle
 15045 | D:12     | Killed a manticore
 15046 | D:12     | Reached skill level 10 in Spellcasting
 15046 | D:12     | Reached XP level 12. HP: 42/70 MP: 13/26
 15236 | D:11     | Learned a level 4 spell: Iskenderun's Mystic Blast
 15300 | D:9      | Bought Neatyrr's Handbook of Toxic Ignition for 364 gold
                  | pieces
 15814 | D:12     | Reached skill level 1 in Shields
 15879 | D:12     | Reached skill level 10 in Fire Magic
 16094 | D:12     | Reached *** piety under Sif Muna
 16175 | D:12     | Learned a level 4 spell: Sticky Flame
 16726 | D:12     | Annihilated by a boulder beetle

Illustrated notes

Levels and vault maps discovered:
D:1:      elethiomel_arrival_infinity_welcomes_careful_drivers, layout_rooms,
          chequers_ecumenical_altar_simple_redux, amcnicky_mini_pool_small,
          minmay_pentomino_p2
D:2:      layout_basic, serial_park_tiny_2, st_stairs_10, grunt_ministairs_6,
          kennysheep_donut, uniq_sigmund
D:3:      layout_loops_ring, grunt_temple_overflow_open, serial_shops,
          nicolae_shop_statue_plus, nicolae_shop_overgrown_old_shop, shop, shop
D:4:      layout_loops_ring, chequers_big_river
D:5:      layout_rooms, mainiacjoe_overflow_brackets,
          ebering_ghost_disaster_area, minmay_statues_item,
          uniq_crazy_yiuf_cottage
D:6:      layout_loops_ring
D:7:      layout_rooms, minmay_temple_entry_wispy, dk_vineyard_2,
          nicolae_shop_overcharged_wands
D:8:      minmay_the_grid_octo_triangle [minmay_the_grid_octo_checkerflower,
          minmay_the_grid_octo_prize_single_spiral,
          minmay_the_grid_octo_shrine], layout_basic, serial_shops,
          nicolae_shop_crystal, special_room [special_room_kobold],
          st_stairs_13, uniq_prince_ribbit1
D:9:      layout_stronghold, serial_column_ruins, column_ruins_hut_ruined,
          column_ruins_open_small, column_ruins_grid_3, column_ruins_open_small,
          serial_shops, shop
D:10:     layout_stronghold, minmay_orc_entry_temple_small, serial_shops,
          kennysheep_mini, kennysheep_generic_room_5
D:11:     layout_layer_cave, minmay_fractal_squares_diagonal_5
D:12:     minmay_shrinking_squares, layout_rooms, ebering_ghost_disaster_area,
          portal_ice_cave_entry_pillars_1
Temple:   minmay_temple_bridge_d

Skill      XL: |  1  2  3  4  5  6  7  8  9 10 11 12 |
---------------+-------------------------------------+-----
Stealth        | 3 4 5 6 7 8 |  8.6
Fire Magic     | 4 5 6 8 9 10 | 10.4
Spellcasting   | 3 4 5 7 8 10 | 10.4
Conjurations   | 2 3 4 5 6 7 8 |  8.1
Short Blades   | 1 |  1.1
Hexes          | 1 2 3 |  3.8
Fighting       | 1 2 |  2.3
Staves         | 1 2 |  2.1
Dodging        | 3 |  3.8
Summonings     | 1 |  1.3
Invocations    | 3 5 6 |  6.6
Evocations     | 1 |  1.1
Shields        | 1 |  1.6
Unarmed Combat | |  0.5
Translocations | |  0.2
Air Magic      | |  0.2
Poison Magic   | |  0.4

Action                   |  1- 3 |  4- 6 |  7- 9 | 10-12 || total
-------------------------+-------+-------+-------+-------++-------
Melee: Unarmed           |     7 |       |       |       ||     7
       Constrict         |     8 |     5 |     5 |    17 ||    35
       Tentacles         |     5 |       |     2 |    15 ||    22
       Dagger            |    14 |    22 |    12 |    33 ||    81
       Punch             |       |     1 |       |       ||     1
       Staff             |       |       |     7 |    36 ||    43
       Kick              |       |       |       |     4 ||     4
 Cast: Foxfire           |    52 |   118 |   112 |   356 ||   638
       Inner Flame       |       |       |     6 |    25 ||    31
       Summon Guardian G |       |       |     2 |    12 ||    14
       Conjure Flame     |       |       |     2 |     5 ||     7
       Scorch            |       |       |     1 |    36 ||    37
       Mephitic Cloud    |       |       |     1 |    14 ||    15
       Flame Wave        |       |       |       |    12 ||    12
       Iskenderun's Myst |       |       |       |     6 ||     6
       Hailstorm         |       |       |       |     3 ||     3
       Sticky Flame      |       |       |       |     1 ||     1
Invok: Channel Magic     |       |       |       |     4 ||     4
Evoke: Wand              |       |       |       |     4 ||     4
  Use: Scroll            |       |       |       |    12 ||    12
       Potion            |       |       |       |    10 ||    10
 Stab: Sleeping          |     1 |    10 |     9 |       ||    20
       Confused          |       |       |       |     1 ||     1
Armor: Skin              |     1 |       |     7 |    23 ||    31
Dodge: Dodged            |    26 |    15 |    16 |    96 ||   153
Block: Other             |       |       |       |    28 ||    28

Table legend: (Time is in decaauts)
 A = Elapsed time spent in this place.
 B = Non-inter-level travel time spent in this place.
 C = Inter-level travel time spent in this place.
 D = Time resting spent in this place.
 E = Time spent auto-exploring this place.
 F = Levels seen in this place.
 G = Mean time per level.
                   A        B        C        D        E       F      G
               +--------+--------+--------+--------+--------+-----+--------+
         Total |  16748 |  16122 |    626 |   1124 |  11698 |  13 | 1288.3 |
       Dungeon |  16586 |  16032 |    554 |   1124 |  11636 |  12 | 1382.2 |
        Temple |    161 |     89 |     72 |      0 |     62 |   1 |  161.0 |
               +--------+--------+--------+--------+--------+-----+--------+

Top non-repeatable levels by time:
     D:8: 2645 daAuts
    D:11: 2502 daAuts
    D:10: 1827 daAuts
     D:2: 1453 daAuts
     D:1: 1420 daAuts
     D:4: 1320 daAuts
     D:9: 1228 daAuts
     D:3: 1001 daAuts
    D:12: 976 daAuts
     D:6: 832 daAuts
     D:7: 795 daAuts
     D:5: 582 daAuts
  Temple: 161 daAuts
